 Dungeon Crawl Stone Soup version 0.22.1-1-ga44c0e5 (webtiles) character file.

37 Harpaggios the Vexing (level 3, 0/16 HPs)
             Began as a Vine Stalker Enchanter on Oct 20, 2018.
             Succumbed to an adder's poison
             ... on level 2 of the Dungeon.
             The game lasted 00:04:35 (1224 turns).

Harpaggios the Vexing (Vine Stalker Enchanter)      Turns: 1224, Time: 00:04:35

Health: 0/16       AC:  3    Str: 10    XL:     3   Next: 41%
Magic:  3/7        EV: 12    Int: 15    God:
Gold:   71         SH:  0    Dex: 15    Spells: 5/6 levels left

rFire    . . .     SeeInvis .   a - +1 dagger
rCold    . . .     Gourm    .   (no shield)
rNeg     . . .     Faith    .   b - +1 robe
rPois    .         Spirit   +   (no helmet)
rElec    .         Reflect  .   (no cloak)
rCorr    .         Harm     .   (no gloves)
MR       .....                  (no boots)
Stlth    ++........             (no amulet)
HPRegen  0.05/turn              (no ring)
MPRegen  0.10/turn              (no ring)

@: lethally poisoned (0 -> -19)
A: fangs 2, magic shield, antimagic bite, no potion heal 3, rot immunity
a: no special abilities


You were on level 2 of the Dungeon.
You were not hungry.

You visited 1 branch of the dungeon, and saw 2 of its levels.

You collected 71 gold pieces.

Inventory:

Hand Weapons
 a - a +1 dagger (weapon)
Armour
 b - a +1 robe (worn)
 k - a scarf of spirit shield
Scrolls
 g - 2 scrolls of teleportation
Potions
 c - a potion of brilliance {unknown}
 e - a potion of cancellation {unknown}
 j - a potion of flight {unknown}
 l - a potion of might {unknown}
Comestibles
 d - a ration
 f - a chunk of flesh


   Skills:
 + Level 2.1 Short Blades
 - Level 1.5 Dodging
 - Level 3.6 Stealth
 - Level 2.1 Spellcasting
 + Level 3.7 Hexes


You had 5 spell levels left.
You knew the following spells:

 Your Spells              Type           Power        Failure   Level  Hunger
a - Corona                Hex            ##.....      4%          1    #......

Your spell library contained the following spells:

 Spells                   Type           Power        Failure   Level  Hunger
 Confuse                  Hex            ##......     14%         3    ###....
 Tukima's Dance           Hex            ##......     14%         3    ###....
 Ensorcelled Hibernation  Hex/Ice        #.....       16%         2    ###....
 Dazzling Spray           Conj/Hex       #.....       30%         3    ###....


Dungeon Overview and Level Annotations

Branches:
Dungeon (2/15)

Altars:
Cheibriados


Innate Abilities, Weirdness & Mutations

You have extremely sharp teeth.
When hurt, damage is shared between your health and your magic reserves.
Your bite disrupts and absorbs the magic of your enemies.
Potions cannot restore your health.
You are immune to rotting.


Message History

The kobold shouts!
You hit the frilled lizard.
You kill the frilled lizard!
You hear a shout!
The adder barely misses you. The adder bites you.
* * * LOW HITPOINT WARNING * * *
You are more poisoned.
The adder poisons you!
Unknown command.
Unknown command.
You hit the adder but do no damage. You bite the adder. You drain its power.
You feel invigorated.
The adder is heavily wounded.
* * * LOW HITPOINT WARNING * * *
You feel sick. The kobold misses you. The adder bites you.
You are more poisoned.
The adder poisons you!
You barely miss the adder.
The adder is heavily wounded.
You die...

####.?..#
...g....+ #....#
. #..K(# ..
####....#####.l.
.............#
####.......#.#
#.....K.#
#..(.^S@#
#########


You could see an adder, a goblin and 2 kobolds.

Vanquished Creatures
  An ooze (D:1)
  2 dart slugs (D:1)
  A leopard gecko (D:1)
  2 ball pythons (D:1)
  4 goblins (D:1)
  6 hobgoblins (D:1)
  4 kobolds (D:1)
  3 bats (D:1)
  2 frilled lizards
  A rat (D:1)
26 creatures vanquished.

Notes
Turn   | Place    | Note
-------+----------+-------------------------------------------
     0 | D:1      | Harpaggios the Vine Stalker Enchanter began the quest for
                  | the Orb.
     0 | D:1      | Reached XP level 1. HP: 9/9 MP: 4/4
    10 | D:1      | Reached skill level 1 in Short Blades
    29 | D:1      | Found a snail-covered altar of Cheibriados.
   162 | D:1      | Reached XP level 2. HP: 13/13 MP: 6/6
   639 | D:1      | Reached XP level 3. HP: 16/16 MP: 5/7
  1224 | D:2      | Succumbed to an adder's poison

Skill      XL: |  1  2  3 |
---------------+----------+-----
Short Blades   | 1 2 |  2.1
Dodging        | |  1.5
Stealth        | |  3.6
Spellcasting   | |  2.1
Hexes          | |  3.7

Action                   || total
-------------------------++-------
Melee: Dagger            ||    78
       Bite              ||    18
 Cast: Corona            ||    22
  Use: Scroll            ||     3
 Stab: Sleeping          ||     1
  Eat: Chunk             ||     1
Armor: Robe              ||    10
Dodge: Dodged            ||    44
